 Dungeon Crawl Stone Soup version 0.18-a0-1730-g73f0523 (webtiles) character file.

86 graki42 the Skirmisher (level 4, -7/50 HPs)
             Began as an Ogre Berserker on Apr 10, 2016.
             Was a Believer of Trog.
             Mangled by a gnoll
             ... wielding a +2 whip of electrocution
              (12 damage)
             ... on level 2 of the Dungeon.
             The game lasted 00:08:56 (1203 turns).

graki42 the Skirmisher (Ogre Berserker)             Turns: 1203, Time: 00:08:57

Health: -7/50      AC:  4    Str: 23    XL:     4   Next: 50%
Magic:  4/4        EV: 10    Int:  6    God:    Trog [**....]
Gold:   40         SH:  0    Dex:  9    Spells: 0 memorised, 3 levels left

rFire  . . .     SeeInvis .     h - -2 whip (curse)
rCold  . . .     Gourm    .     b - +1 animal skin
rNeg   . . .     Faith    .     (no shield)
rPois  .         Spirit   .     (helmet restricted)
rElec  .         Dismiss  +     (no cloak)
rCorr  .         Reflect  .     (gloves unavailable)
SustAt .         Harm     .     (boots unavailable)
MR     .....                    d - amulet of dismissal
Stlth  +.........               (no ring)
                                (no ring)

@: exhausted, slowed, very slow, not resistant to hostile enchantments, very
unstealthy
A: unfitting armour, talons 1, slow regeneration 1, tough skin 1, evolution 1
a: Berserk, Trog's Hand, Burn Spellbooks, Renounce Religion


You were on level 2 of the Dungeon.
You worshipped Trog.
Trog was pleased with you.
You were very hungry.

You visited 1 branch of the dungeon, and saw 2 of its levels.

You collected 40 gold pieces.

Inventory:

Hand Weapons
 a - a +0 mace
 h - a cursed -2 whip (weapon)
Missiles
 m - a large rock (quivered)
Armour
 b - a +1 animal skin (worn)
Jewellery
 d - an amulet of dismissal (around neck)
Scrolls
 e - a scroll of enchant armour
 i - a scroll of magic mapping {unknown}
Potions
 g - 2 potions of heal wounds {unknown}
Books
 j - a book of Debilitation

   Spells                             Type                      Level
   a - Corona                         Hexes                        1
   b - Slow                           Hexes                        2
   c - Gell's Gravitas                Hexes/Translocation          3
   d - Inner Flame                    Hexes/Fire                   3
   e - Cause Fear                     Hexes                        4
   f - Leda's Liquefaction            Hexes/Earth                  4
   Trog disapproves of the use of such an item.
Comestibles
 c - 3 bread rations
 f - 3 fruits


   Skills:
 + Level 5.1 Fighting
 + Level 4.4 Maces & Flails
 + Level 3.9 Dodging


You had 3 spell levels left.
You didn't know any spells.

Dungeon Overview and Level Annotations

Branches:
Dungeon (2/15)

Altars:
Cheibriados


Innate Abilities, Weirdness & Mutations

You are too large for most types of armour.
You have tough skin (AC +1).
You have sharp toenails.
You regenerate slowly when monsters are visible.
You evolve.


Message History

* * * LOW HITPOINT WARNING * * *
The gnoll hits you with a flail.
* * * LOW HITPOINT WARNING * * *
Read which item? (? for menu, Esc to quit)
Okay, then.
Drink which item? (? for menu, Esc to quit)
It was a potion of mutation.
You feel extremely strange.
Your natural regeneration is weakened.
You feel nature experimenting on you.
Don't worry, failures die fast.
Your toenails lengthen and sharpen.
The gnoll hits you with a flail.
* * * LOW HITPOINT WARNING * * *
The gnoll closely misses you. x2
Drink which item? (? for menu, Esc to quit)
It was a potion of curing.
You feel better.
The gnoll hits you with a whip of electrocution!
* * * LOW HITPOINT WARNING * * *
The gnoll hits you but does no damage.
The gnoll hits you with a whip of electrocution!
You die...

..#
###..###.###
### #.....####
####
#........#
....#
#.#.####.#
#.#.# #.#.##
.# ..# #....#
.. ###
###..#####.
..#
#.#######.[..#
.# #.#
#.....g@gg<..#
# ..
#.#######....#
#...## ......
..%.....
#.##.#### #.
.# #. .#


You could see 3 gnolls.

Vanquished Creatures
  A gnoll (D:2)
  3 adders (D:2)
  2 worms (D:2)
  A giant gecko (D:1)
  5 bats (D:1)
  4 hobgoblins
  7 jackals
  6 kobolds
  6 giant newts
  5 goblins
  4 rats (D:1)
44 creatures vanquished.

Notes
Turn   | Place    | Note
--------------------------------------------------------------
     0 | D:1      | graki42 the Ogre Berserker began the quest for the Orb.
     0 | D:1      | Reached XP level 1. HP: 24/24 MP: 1/1
   134 | D:1      | Reached XP level 2. HP: 27/33 MP: 2/2
   511 | D:1      | Reached XP level 3. HP: 23/40 MP: 3/3
   514 | D:1      | Reached ** piety under Trog
  1025 | D:2      | Reached XP level 4. HP: 40/49 MP: 4/4
  1055 | D:2      | Found a snail-covered altar of Cheibriados.
  1168 | D:2      | Reached skill level 5 in Fighting
  1202 | D:2      | Gained mutation: You regenerate slowly when monsters are visible. [potion of mutation]
  1202 | D:2      | Gained mutation: You evolve. [potion of mutation]
  1202 | D:2      | Gained mutation: You have sharp toenails. [potion of mutation]
  1203 | D:2      | Mangled by a gnoll

Vault maps used:
D:1:      minmay_arrival_five_plusses
D:2:      overflow_temple_1_default, cheibriados_altar_1, first_bread

Skill      XL: |  1  2  3  4 |
---------------+-------------+-----
Dodging        | 3 |  3.9
Fighting       | 5 |  5.1
Maces & Flails | |  4.4

Action                   |  1- 3 |  4- 6 || total
-------------------------+-------+-------++-------
Melee: Mace              |    39 |       ||    39
       Whip              |   146 |    42 ||   188
Throw: Large rock        |       |     2 ||     2
Invok: Berserk           |     3 |     1 ||     4
  Use: Scroll            |     4 |       ||     4
       Potion            |       |     2 ||     2
 Stab: Sleeping          |     1 |       ||     1
  Eat: Chunk             |     2 |     1 ||     3
       Fruit             |       |     1 ||     1
